Map: Submarine LE

Players

Silky - Winner!

  • Race: Zerg Zerg
  • Spawn Location: 5:00

Nina

  • Race: Protoss Protoss
  • League: Grandmaster
  • Spawn Location: 11:00

Event: The Miserable Cup

VOD

Have the link to the VOD?

Description

Time

  • Played on: June 21, 2020, 6:03 p.m.
  • Length: 3:03

All games in this series

Show
View Real Time Build Order
Export as new Build Order

Silky Zerg - Winner!

Build Orders: Pool Only 

Get SALT Encoding   

  12  0:17  Spawning Pool  
  11  0:21  Drone  
  11  0:26  Drone  
  13  0:30  Drone  
  14  0:39  Overlord  
  14  1:04  Zergling x4  
  16  1:05  Zergling x2  
  17  1:15  Zergling x2  
  18  1:27  Zergling x2  
  19  1:37  Zergling x2  
  20  1:47  Zergling x2  
  21  2:02  Zergling x2  
  22  2:18  Overlord  
Show
View Real Time Build Order
Export as new Build Order

Nina Protoss 

Build Orders:  

Get SALT Encoding   

  12  0:00  Probe  
  13  0:12  Probe  
  14  0:18  Pylon  
  14  0:24  Probe  
  15  0:34  Probe  
  15  0:39  Gateway  
  15  0:42  Probe  
  16  0:48  Assimilator  
  17  0:52  Probe  
  18  1:04  Probe  
  18  1:08  Gateway  
  19  1:16  Probe  
  20  1:20  Zealot  
  20  1:28  Cybernetics Core  
  22  1:33  Pylon  
  22  1:39  Pylon  
  22  1:48  Zealot  
  24  2:00  Gateway  
  24  2:05  Shield Battery  
  24  2:11  Shield Battery  
  24  2:16  Pylon  
  24  2:37  Gateway  
Tags
 
Add a new tag
Caveats
  • Supply blocks, unpowered buildings, or Contaminate may cause inaccurate times.
  • Supply counts are checked every 10 seconds.